 Dungeon Crawl Stone Soup version 0.18-a0-337-g1235303 (webtiles) character file.

66 Duffy the Insei (level 3, -7/29 HPs)
             Began as a Demonspawn Monk on Nov 29, 2015.
             Engulfed by a cloud of flame (11 damage)
             ... on level 2 of the Dungeon.
             The game lasted 00:01:46 (1713 turns).

Duffy the Insei (Demonspawn Monk)                   Turns: 1713, Time: 00:01:47

Health: -7/29      AC: 13    Str: 17    XL:     3   Next: 96%
Magic:  3/3        EV:  7    Int: 11    God:
Gold:   64         SH:  0    Dex: 15    Spells: 0 memorised, 2 levels left

rFire  . . .     SeeInvis .       - Unarmed
rCold  . . .     Clarity  .     u - +0 chain mail
rNeg   + . .     SustAt   .     (no shield)
rPois  .         Gourm    .     (helmet restricted)
rElec  .         Spirit   .     g - +2 cloak
rCorr  .         Warding  .     (no gloves)
rMut   .         Stasis   .     (no boots)
MR     .....                    r - amulet of regeneration
Stlth  ..........               o - +5 ring of strength
                                e - ring of positive energy

@: not resistant to hostile enchantments, extremely unstealthy
A: antennae 1, thin metallic scales 1
a: no special abilities


You were on level 2 of the Dungeon.
You were not hungry.

You visited 1 branch of the dungeon, and saw 2 of its levels.

You collected 64 gold pieces.


Innate Abilities, Weirdness & Mutations

You have a pair of small antennae on your head.
You are partially covered in thin metallic scales (AC +2).


   Skills:
 - Level 3.0 Fighting
 - Level 2.6 Dodging
 - Level 1.7 Stealth
 + Level 5.1 Unarmed Combat


You had 2 spell levels left.
You didn't know any spells.

Inventory:

Missiles
 q - 3 poisoned needles
Armour
 a - a +0 robe
 g - a +2 cloak (worn)
 u - a +0 chain mail (worn)
Jewellery
 e - a ring of positive energy (left hand)
 o - a +5 ring of strength (right hand)
 r - an amulet of regeneration (around neck)
Scrolls
 h - 2 scrolls of identify {unknown}
 i - a scroll of enchant weapon {unknown}
 j - 3 scrolls of teleportation {unknown}
 n - a scroll of amnesia {unknown}
Potions
 c - a potion of curing {unknown}
 d - a potion of might {unknown}
 f - a potion of degeneration {unknown}
 k - a potion of cure mutation {unknown}
 l - a potion of lignification {unknown}
 m - a potion of agility {unknown}
 s - a potion of brilliance {unknown}
Comestibles
 b - a bread ration
 p - a slice of pizza
 t - a meat ration
 v - 3 chunks of flesh

Dungeon Overview and Level Annotations

Branches:
Dungeon (2/15)

Altars:
Trog
Vehumet
Xom


Message History

Found a stone staircase leading down.
There is a stone staircase leading down here.
There is a stone staircase leading down here.
You sense a monster nearby.
A goblin comes into view.
The goblin shouts!
The goblin hits you.
You closely miss the goblin. The goblin hits you but does no damage.
Your chain mail prevents you from hitting the goblin.
The goblin hits you but does no damage.
You closely miss the goblin. The goblin hits you but does no damage.
You closely miss the goblin. The goblin hits you but does no damage.
You closely miss the goblin. The goblin hits you.
You hit the goblin.
The goblin is heavily wounded.
The goblin hits you but does no damage.
You hit the goblin but do no damage.
The goblin is heavily wounded.
The goblin closely misses you.
You punch the goblin!
You kill the goblin!
Found a stone staircase leading down.
Eating one of 4 chunks of flesh.
This raw flesh tastes terrible.
You continue eating. x2
Found an inconspicuous book.
Found a bloodstained altar of Trog.
The spellbook bursts into flames!
Trog roars with delight!
Really walk into that cloud of flame? [Y]es or [N]o only, please.
Really walk into that cloud of flame?
You are engulfed in roaring flames.
You are engulfed in roaring flames.
You are engulfed in roaring flames.
You are engulfed in roaring flames.
You die...

#.........##..##.....#.##.#
#.##...#####..##..........###
#.##...#####.)...............
#.##............(.......#####
#.#########............## #.#
#.....(.###....######## #.#
#.####### #....##...... #.#
#.#.....###....##.####.
#.#####.#._.@.....##.##.##...
#.......#.....######.##.#....
#######.####### #.#..#..(.
#.# #.# #....(..._ #.# #.#
###..#.... #.# #.# ##.#....
#.# #.# #.##...
#.###.###########.####.
#......................


There were no monsters in sight!

Action                   || total
-------------------------++-------
Melee: Unarmed           ||   122
 Stab: Sleeping          ||     3
  Eat: Chunk             ||     3

Notes
Turn   | Place    | Note
--------------------------------------------------------------
     0 | D:1      | Duffy the Demonspawn Monk began the quest for the Orb.
     0 | D:1      | Reached XP level 1. HP: 18/18 MP: 1/1
   329 | D:1      | Reached skill level 4 in Unarmed Combat
   484 | D:1      | Gained mutation: You are partially covered in thin metallic scales (AC +2). [demonic ancestry]
   484 | D:1      | Reached XP level 2. HP: 24/24 MP: 2/2
   813 | D:1      | Gained mutation: You have a pair of small antennae on your head. [demonic ancestry]
   813 | D:1      | Reached XP level 3. HP: 29/29 MP: 3/3
  1294 | D:2      | Reached skill level 5 in Unarmed Combat
  1350 | D:2      | Found a shimmering altar of Xom.
  1435 | D:2      | Found a radiant altar of Vehumet.
  1705 | D:2      | Found a bloodstained altar of Trog.
  1713 | D:2      | Engulfed by a cloud of flame

Vault maps used:
D:1:      nagdon_arrival_zigzag_paths, minmay_misc_feat_x
D:2:      lemuel_doored_altar, minitemple, old_standard_altar, trog_book

Vanquished Creatures
  A gnoll
  An adder
  2 oozes
  2 giant geckos
  3 bats
  A giant cockroach
  6 hobgoblins
  7 jackals
  2 giant newts
  5 goblins
  4 kobolds
  4 rats
38 creatures vanquished.
